 Dungeon Crawl Stone Soup version 0.21.1-1-g345015fe64 (webtiles) character file.

255 Evaline the Skirmisher (level 6, -3/38 HPs)
             Began as a Gargoyle Berserker on July 2, 2018.
             Was a Believer of Trog.
             Killed from afar by patthesweetcat's ghost (8 damage)
             ... with a magic dart
             ... on level 4 of the Dungeon.
             The game lasted 00:14:32 (2681 turns).

Evaline the Skirmisher (Gargoyle Berserker)         Turns: 2681, Time: 00:14:33

Health: -3/38      AC: 18    Str: 22    XL:     6   Next: 15%
Magic:  6/6        EV:  8    Int:  8    God:    Trog [**....]
Gold:   112        SH:  0    Dex:  9    Spells: 5/5 levels left

rFire    . . .     SeeInvis .   a - +1 great mace
rCold    . . .     Gourm    .   (shield currently unavailable)
rNeg     + . .     Faith    .   n - +0 chain mail
rPois    ∞         Spirit   .   (no helmet)
rElec    +         Reflect  .   g - +0 cloak
rCorr    .         Harm     .   q - +1 pair of gloves
MR       .....                  u - +0 pair of boots
Stlth    ..........             (no amulet)
HPRegen  0.12/turn              (no ring)
MPRegen  0.10/turn              (no ring)

@: berserk cooldown, slowed, very slow
A: negative energy resistance 1, electricity resistance, unbreathing,
petrification resistance, rot immunity, AC +4
a: Berserk, Trog's Hand, Burn Spellbooks, Renounce Religion


You were on level 4 of the Dungeon.
You worshipped Trog.
Trog was pleased with you.
You were near starving.

You visited 1 branch of the dungeon, and saw 4 of its levels.

You collected 112 gold pieces.

Inventory:

Hand Weapons
 a - a +1 great mace (weapon)
 b - a +0 war axe
Missiles
 i - 194 stones (quivered)
 F - 3 javelins
Armour
 g - a +0 cloak (worn)
 n - a +0 chain mail (worn)
 q - a +1 pair of gloves (worn)
 u - a +0 pair of boots (worn)
Scrolls
 l - a scroll of remove curse
 r - a scroll of noise {unknown}
Potions
 e - 2 potions of lignification
 j - 2 potions of agility {unknown}
 o - a potion of magic {unknown}
 p - 2 potions of brilliance {unknown}
 s - a potion of curing {unknown}
 t - a potion of flight {unknown}
 v - a potion of heal wounds {unknown}
Comestibles
 c - 5 rations
 w - 10 chunks of flesh


   Skills:
 + Level 4.0 Fighting
 + Level 3.8(4.3) Axes
 * Level 3.2(4.2) Maces & Flails
 * Level 3.6 Armour
 + Level 1.9 Dodging


You had 5 spell levels left.
You didn't know any spells.

Dungeon Overview and Level Annotations

Branches:
Dungeon (4/15)             Temple (0/1) D:4

Altars:
Okawaru
Trog
Vehumet

Portals:
Sewer: D:4

Annotations:
D:1 Money OOR - Fire
D:4 patthesweetcat's ghost, amateur OpCj


Innate Abilities, Weirdness & Mutations

You are resistant to torment.
Your stone body is resilient. (AC +4)
You are immune to poison.
You resist negative energy. (rN+)
You are resistant to electric shocks. (rElec)
You can survive without breathing.
You are immune to petrification.
You are immune to rotting.


Message History

Patthesweetcat's ghost stares at you and mumbles some strange words.
The spray of energy hits you!
* * * LOW HITPOINT WARNING * * *
Patthesweetcat's ghost hits you but does no damage.
You see here a river rat corpse.
You butcher the river rat corpse.
Patthesweetcat's ghost hits you but does no damage.
You see here an inedible chunk of flesh.
You feel the effects of Trog's Hand fading.
Patthesweetcat's ghost stares at you and mumbles some strange words.
The magic dart hits you!
* * * LOW HITPOINT WARNING * * *
Patthesweetcat's ghost hits you but does no damage. x2
Your skin stops crawling.
You feel less resistant to hostile enchantments.
Patthesweetcat's ghost hits you but does no damage.
You hear the slow rusting of a drain.
Patthesweetcat's ghost casts a spell at you.
The magic dart hits you!
You die...

#.###W####...#####*##**** *,*
.........W...#≈≈≈#≈≈≈≈≈≈* *,*
#.###.##.#..≈#≈#≈#≈#**##* *,*
#.# #)..##..≈#W#≈#≈#≈≈≈≈****,*
#.###..#.#.≈≈≈≈#≈≈≈≈≈#*≈*,,,,*
#...#..##...≈#≈#≈########*****
.......##...≈≈≈#≈≈≈≈≈≈≈≈#
....##.##....#≈#######≈##
.#..##.##...≈≈≈#@W≈≈%≈≈#
.#..##.##....≈≈#########
..........###### *,*
.#..###.### *,* .#..# *.# *,*
.#..# *,* *,* ##,.#**,******
*,* **,,,,,,,,,,,* *,*
,,,,***,****,* *,*****


You could see patthesweetcat's ghost.

Vanquished Creatures
  An orc priest (D:4)
  A hound (D:4)
  An orc wizard (D:4)
  8 adders
  3 river rats (D:4)
  An ooze (D:3)
  4 worms
  A dart slug (D:2)
  A leopard gecko (D:4)
  6 orcs
  4 bats
  8 goblins
  3 hobgoblins
  A quokka (D:3)
  3 frilled lizards
  A jackal skeleton (D:4)
  5 kobolds
  3 rats
  A plant (D:1)
56 creatures vanquished.

Vanquished Creatures (others)
  A goblin (D:1)
  2 frilled lizards (D:1)
3 creatures vanquished.

Grand Total: 59 creatures vanquished

Notes
Turn   | Place    | Note
-------+----------+-------------------------------------------
     0 | D:1      | Evaline the Gargoyle Berserker began the quest for the Orb.
     0 | D:1      | Reached XP level 1. HP: 14/14 MP: 1/1
   382 | D:1      | Reached XP level 2. HP: 15/19 MP: 2/2
  1061 | D:2      | Reached XP level 3. HP: 24/24 MP: 3/3
  1378 | D:2      | Found a bloodstained altar of Trog.
  1394 | D:2      | Reached ** piety under Trog
  1410 | D:2      | Found an iron altar of Okawaru.
  1412 | D:2      | Found a radiant altar of Vehumet.
  1704 | D:3      | Reached XP level 4. HP: 26/29 MP: 4/4
  2493 | D:4      | Reached skill level 1 in Maces & Flails
  2493 | D:4      | Reached XP level 5. HP: 33/33 MP: 5/5
  2507 | D:4      | Reached skill level 4 in Fighting
  2618 | D:4      | Reached XP level 6. HP: 13/38 MP: 6/6
  2629 | D:4      | Noticed patthesweetcat's ghost (amateur OpCj)
  2663 | D:4      | Found a glowing drain.
  2681 | D:4      | Killed from afar by patthesweetcat's ghost

Skill      XL: |  1  2  3  4  5 |
---------------+----------------+-----
Axes           | 3 |  3.8
Maces & Flails | 1 3 |  3.2
Armour         | 3 |  3.6
Fighting       | 4 |  4.0
Dodging        | |  1.9

Action                   |  1- 3 |  4- 6 || total
-------------------------+-------+-------++-------
Melee: Hand axe          |   157 |       ||   157
       Great mace        |    15 |   127 ||   142
Throw: Stone             |       |     2 ||     2
Invok: Berserk           |     1 |     1 ||     2
       Trog's Hand       |       |     1 ||     1
  Use: Scroll            |       |     6 ||     6
  Eat: Chunk             |     4 |     3 ||     7
Armor: Animal skin       |    14 |       ||    14
       Chain mail        |    34 |   130 ||   164
Dodge: Dodged            |    47 |    82 ||   129
